 Dungeon Crawl Stone Soup version 0.32-a0-834-geaf45d8e21 (webtiles) character file.

Game seed: 15507656725944995431

12 holysushi the Slasher (level 2, 0/24 HPs)
             Began as a Demonspawn Monk on Mar 25, 2024.
             Slain by a gnoll
             ... wielding a +0 club
              (7 damage)
             ... on level 1 of the Dungeon.
             The game lasted 00:00:17 (165 turns).

holysushi the Slasher (Demonspawn Monk)              Turns: 165, Time: 00:00:17

Health: 0/24       AC:  2    Str: 11    XL:     2   Next: 20%
Magic:  2/2        EV: 11    Int: 10    God:
Gold:   10         SH:  0    Dex: 15    Spells: 1/1 levels left

rFire   . . .        a - +0 falchion
rCold   . . .        d - orb {light}
rNeg    . . .        b - +0 robe
rPois   .            (no helmet)
rElec   .            (no cloak)
rCorr   .            (no gloves)
SInv    .            (no boots)
Will    .....        (no amulet)
Stlth   +            (no ring)
HPRegen 0.24/turn    (no ring)
MPRegen 0.08/turn

%: no passive effects
@: glowing
A: powered by pain 1
a: no special abilities


You were on level 1 of the Dungeon.
You visited 1 branch of the dungeon, and saw 1 of its levels.

You collected 10 gold pieces.

Inventory:

Hand Weapons
 a - a +0 falchion (weapon)
Armour
 b - a +0 robe (worn)
 d - an orb of light (worn)
Scrolls
 f - a scroll of immolation {unknown}
 h - a scroll of revelation {unknown}
Potions
 c - a potion of ambrosia
 e - a potion of degeneration {unknown}
 g - a potion of might {unknown}


   Skills:
 - Level 3.0 Fighting
 + Level 3.3 Long Blades
 - Level 2.6 Dodging


You had one spell level left.
You didn't know any spells.
Your spell library was empty.

Dungeon Overview and Level Annotations

Branches:
Dungeon (1/15) Zot: 5829

Altars:


Innate Abilities, Weirdness & Mutations

You sometimes gain a little power by taking damage.


Message History

Found a stone staircase leading down.
No target in view!
g - a fizzy orange potion No target in view!
There is a stone staircase leading down here.
A rat and a goblin come into view.
The rat squeaks loudly.
The goblin shouts!
The goblin moves out of view.
There are monsters nearby!
There are monsters nearby!
The rat bites you.
There are monsters nearby!
You hit the rat.
You kill the rat!
You hit the goblin.
You kill the goblin!
No target in view!
No target in view!
No target in view!
You see here a +0 club.
h - a scroll labelled NOSMYU CETHRITOD A goblin comes into view.
It is wielding a +0 club.
The goblin shouts!
A gnoll comes into view. It is wielding a +0 club.
There are monsters nearby!
There are monsters nearby!
The goblin hits you with a +0 club.
There are monsters nearby!
You hit the gnoll but do no damage. The goblin closely misses you.
The gnoll barely misses you.
There are monsters nearby!
You hit the gnoll but do no damage. The goblin hits you with a +0 club.
The gnoll hits you with a +0 club.
You barely miss the gnoll. The goblin hits you with a +0 club.
The gnoll hits you with a +0 club. x2; The goblin hits you with a +0 club.
* * * LOW HITPOINT WARNING * * *
You hit the gnoll.
The gnoll is moderately wounded.
The goblin hits you but does no damage. The gnoll hits you with a +0 club!
You die...

#.#######. ##
#......... #.########
#.### #...##
#######..## ##########
#.........# #.........
#....)....###.........
#.............@g......
#........###...g......
#........# ##.........
#........# #.##......
########## #.. ######
##.. #.# ..


You could see a gnoll and a goblin.

Vanquished Creatures
  A bat (D:1)
  An endoplasm (D:1)
  A giant cockroach (D:1)
  A goblin (D:1)
  2 hobgoblins (D:1)
  A kobold (D:1)
  2 frilled lizards (D:1)
  2 rats (D:1)
11 creatures vanquished.

Notes
Turn   | Place    | Note
-------+----------+-------------------------------------------
     0 | D:1      | holysushi the Demonspawn Monk began the quest for the Orb.
     0 | D:1      | Reached XP level 1. HP: 18/18 MP: 1/1
    70 | D:1      | Gained mutation: You sometimes gain a little power by
                  | taking damage. [demonic ancestry]
    70 | D:1      | Reached XP level 2. HP: 21/24 MP: 2/2
   165 | D:1      | Slain by a gnoll

Illustrated notes

Levels and vault maps discovered:
D:1:      mrwooster_arrival_statue_3, layout_basic

Skill      XL: |  1 |
---------------+----+-----
Long Blades    | 3 |  3.3
Fighting       | |  3.0
Dodging        | |  2.6

Action                     || total
---------------------------++-------
  Melee: Falchion          ||    29
 Armour: Robe              ||    23
  Dodge: Dodged            ||    21

Table legend: (Time is in decaauts)
 A = Elapsed time spent in this place.
 B = Non-inter-level travel time spent in this place.
 C = Inter-level travel time spent in this place.
 D = Time resting spent in this place.
 E = Time spent auto-exploring this place.
 F = Levels seen in this place.
 G = Mean time per level.
                   A        B        C        D        E       F      G
               +--------+--------+--------+--------+--------+-----+--------+
         Total |    169 |    169 |      0 |      0 |     99 |   1 |  169.0 |
       Dungeon |    169 |    169 |      0 |      0 |     99 |   1 |  169.0 |
               +--------+--------+--------+--------+--------+-----+--------+

Top non-repeatable levels by time:
     D:1: 169 daAuts
